 Dungeon Crawl Stone Soup version 0.29.0-13-gc9e81de378 (webtiles) character file.

Game seed: 5116976912737970791

30 apoch the Chopper (level 3, 0/31 HPs)
             Began as a Minotaur Fighter on Sept 11, 2022.
             Was a Follower of Trog.
             Slain by a goblin
             ... wielding a +0 club
             ... led by Robin
              (1 damage)
             ... on level 2 of the Dungeon.
             The game lasted 00:01:10 (949 turns).

apoch the Chopper (Minotaur Fighter)                 Turns: 949, Time: 00:01:10

Health: 0/31       AC:  8    Str: 22    XL:     3   Next: 5%
Magic:  2/2        EV:  9    Int:  5    God:    Trog [*.....]
Gold:   51         SH:  4    Dex:  9    Spells: 2/2 levels left

rFire   . . .      SeeInvis .   a - +0 war axe
rCold   . . .      Faith    .   c - +0 buckler
rNeg    . . .      Spirit   .   b - +0 scale mail
rPois   .          Reflect  .   (helmet restricted)
rElec   .          Harm     .   (no cloak)
rCorr   .          Rampage  .   (no gloves)
Will    .....                   n - +0 pair of boots
Stlth   ..........              (no amulet)
HPRegen 0.10/turn               (no ring)
MPRegen 0.08/turn               (no ring)

@: no status effects
A: horns 2, retaliatory headbutt
a: Renounce Religion, Berserk


You were on level 2 of the Dungeon.
You worshipped Trog.
Trog was aware of your devotion.
You visited 1 branch of the dungeon, and saw 2 of its levels.

You collected 51 gold pieces.

Inventory:

Hand Weapons
 a - a +0 war axe (weapon)
Missiles
 g - 2 javelins
 j - 2 stones (quivered)
Armour
 b - a +0 scale mail (worn)
 c - a +0 buckler (worn)
 n - a +0 pair of boots (worn)
Scrolls
 f - a scroll of poison {unknown}
 k - a scroll of torment {unknown}
 l - a scroll of fear {unknown}
 o - a scroll of immolation {unknown}
 p - a scroll of teleportation {unknown}
Potions
 d - 2 potions of might
 e - a potion of magic {unknown}
 h - 2 potions of curing {unknown}
 i - a potion of brilliance {unknown}
 m - a potion of attraction {unknown}


   Skills:
 - Level 3.6 Fighting
 + Level 4.3 Axes
 - Level 3.6 Armour
 - Level 3.6 Shields


You had 2 spell levels left.
You didn't know any spells.
Your spell library was empty.

Dungeon Overview and Level Annotations

Branches:
Dungeon (2/15)

Altars:
Trog

Annotations:
D:2 Robin


Innate Abilities, Weirdness & Mutations

You have a pair of horns on your head.
You reflexively headbutt those who attack you in melee.


Message History

You furiously retaliate!
You headbutt the hobgoblin!
You kill the hobgoblin!
Trog accepts your kill. Robin throws the goblin at you!
The goblin hits you with a +0 club. The goblin hits you but does no damage.
The hobgoblin hits you.
You barely miss the hobgoblin. You headbutt the hobgoblin.
You kill the hobgoblin!
Trog accepts your kill.
You closely miss the goblin. You hit the goblin.
You kill the goblin!
Trog accepts your kill.
You hit the hobgoblin. Robin throws the goblin at you!
The goblin hits you but does no damage. x2; The hobgoblin barely misses you.
You have reached level 3!
Your experience leads to an increase in your attributes!
Increase (S)trength, (I)ntelligence, or (D)exterity?
You feel stronger. x2
You fail to use your ability.
Robin throws the goblin at you! The goblin barely misses you.
You block the goblin's attack. The goblin hits you with a +0 club.
* * * LOW HITPOINT WARNING * * *
The hobgoblin closely misses you.
You hit the hobgoblin but do no damage. You headbutt the hobgoblin.
You kill the hobgoblin!
Trog accepts your kill.
You closely miss the goblin. You hit the goblin but do no damage.
You hit the goblin. Robin throws the goblin at you!
* * * LOW HITPOINT WARNING * * *
The goblin barely misses you. x3; The goblin hits you with a +0 club.
* * * LOW HITPOINT WARNING * * *
You slash the goblin!
You kill the goblin!
Trog accepts your kill.
You closely miss the goblin. x3; Robin throws the goblin at you!
The goblin closely misses you. x2; You furiously retaliate!
You headbutt the goblin!
You kill the goblin!
Trog accepts your kill. The goblin hits you with a +0 club.
You die...

..........#.............#...##...
..........#...........#.#...##...
..........#####...#..........#...
...........#####...#...#.##......
.................................
..#.####..........##.#..#.
#......#....### #.#....
#..#####g.#..# # ....# #.
#)@g.##..# ..... ......g##.>.....
...... ....g## ..##.... .... #.#
... ... #.# . ## ... ##. .


You could see Robin and 3 goblins.

Vanquished Creatures
  An adder (D:2)
  An endoplasm (D:1)
  A giant cockroach (D:2)
  5 goblins
  4 hobgoblins
  A quokka (D:1)
  3 ball pythons (D:1)
  3 bats
  3 kobolds
  A spectral kobold (D:1)
23 creatures vanquished.

Notes
Turn   | Place    | Note
-------+----------+-------------------------------------------
     0 | D:1      | apoch the Minotaur Fighter began the quest for the Orb.
     0 | D:1      | Reached XP level 1. HP: 19/19 MP: 0/0
   100 | D:1      | Found a faded altar of an unknown god.
   118 | D:1      | Prayed at the altar of an unknown god.
   118 | D:1      | Became a worshipper of Trog the Wrathful
   118 | D:1      | Reached * piety under Trog
   204 | D:1      | Reached skill level 3 in Axes
   389 | D:1      | Reached XP level 2. HP: 26/26 MP: 1/1
   702 | D:2      | Reached skill level 4 in Axes
   940 | D:2      | Noticed Robin
   947 | D:2      | Reached XP level 3. HP: 12/31 MP: 2/2
   948 | D:2      | HP: 1/31 [goblin/+0 club[Robin] (3)]
   949 | D:2      | Slain by a goblin

Illustrated notes

Levels and vault maps discovered:
D:1:      nagdon_arrival_zigzag_paths, layout_loops_ring,
          dreamdust_ecumenical_altar_drowned_temple
D:2:      layout_rooms, minivault_25, uniq_robin

Skill      XL: |  1  2 |
---------------+-------+-----
Axes           | 3 4 |  4.3
Fighting       | |  3.6
Armour         | |  3.6
Shields        | |  3.6

Action                   || total
-------------------------++-------
Melee: War axe           ||    44
       Headbutt          ||     6
Throw: Javelin           ||    19
       Stone             ||    16
Armor: Scale mail        ||    48
Dodge: Dodged            ||    30
Block: Buckler           ||    13
